 Seeded DCSS version 0.30.1-4-g462c640d31 (webtiles) character file.

Game seed: 16653573533833982129 (custom seed)

17 Psyclone the Stinger (level 2, -5/17 HPs)
             Began as an Octopode Venom Mage on Sept 18, 2023.
             Slain by Natasha (7 damage)
             ... on level 2 of the Dungeon.
             The game lasted 00:02:05 (428 turns).

Psyclone the Stinger (Octopode Venom Mage)           Turns: 428, Time: 00:02:06

Health: -5/17      AC:  1    Str:  7    XL:     2   Next: 62%
Magic:  0/5        EV: 13    Int: 17    God:
Gold:   23         SH:  0    Dex: 12    Spells: 2/5 levels left

rFire   . . .        d - +0 mace
rCold   . . .        (no shield)
rNeg    . . .        (helmet restricted)
rPois   .            (no amulet)
rElec   .            (no ring)
rCorr   .            (no ring)
SInv    .            (no ring)
Will    .....        (no ring)
Stlth   +++          (no ring)
HPRegen 0.22/turn    (no ring)
MPRegen 0.09/turn    (no ring)
                     (no ring)

%: no passive effects
@: no status effects
A: almost no armour, amphibious, 8 rings, camouflage 1, gelatinous body 1,
(nimble swimmer 1), tentacles
a: no special abilities


You were on level 2 of the Dungeon.
You visited 1 branch of the dungeon, and saw 2 of its levels.

You collected 23 gold pieces.

Inventory:

Hand Weapons
 d - a +0 mace (weapon)
Scrolls
 b - a scroll of butterflies {unknown}
 f - a scroll of amnesia {unknown}
 g - 2 scrolls of identify {unknown}
 h - a scroll of noise {unknown}
 j - a scroll of poison {unknown}
Potions
 a - a potion of magic
 c - a potion of ambrosia {unknown}
 e - a potion of attraction {unknown}
 i - a potion of brilliance {unknown}


   Skills:
 - Level 2.0 Dodging
 - Level 2.6 Stealth
 - Level 2.0 Spellcasting
 - Level 1.0 Transmutations
 + Level 4.7 Poison Magic


You had 2 spell levels left.
You knew the following spells:

 Your Spells              Type           Power      Damage    Failure   Level
a - Sting                 Tmut/Pois      44%        1d5       6%          1
v - Poisonous Vapours     Pois/Air       18%        N/A       11%         2

Your spell library contained the following spells:

 Spells                   Type           Power      Damage    Failure   Level
 Olgreb's Toxic Radiance  Pois           17%        N/A       28%         4
 Mephitic Cloud           Conj/Pois/Air  7%         N/A       30%         3


Dungeon Overview and Level Annotations

Branches:
Dungeon (2/15) Zot: 11560

Altars:

Shops:
D:2 *

Annotations:
D:2 Natasha


Innate Abilities, Weirdness & Mutations

You cannot wear most types of armour.
You are amphibious.
You can wear up to eight rings at the same time.
Your skin changes colour to match your surroundings (Stealth+).
Your rubbery body absorbs attacks. (AC +1, EV +1)
((You are camouflaged when in or above water. (Stealth+)))
You have tentacles for arms and can constrict up to eight enemies at once.


Message History

Press: ? - help, Shift-Dir - straight line, f/p - goblin
Aim: a goblin, wielding a +0 dagger and wearing a +0 leather armour (64% to hit)
The sting hits the goblin.
The goblin is poisoned.
You kill the goblin!
The cerulean imp closely misses you.
You now have 2/5 mp.
Natasha mumbles some strange words.
The cerulean imp hits you from afar with a +0 spear.
You take 1 damage, and have 16/17 hp.
Casting: Sting (safe; 6% risk of failure)
Confirm with . or Enter, or press ? or * to list all spells.
Aiming: Sting (safe; 6% risk of failure)
Press: ? - help, Shift-Dir - straight line, f - Natasha
Aim: Natasha (poisoned, 64% to hit)
The sting hits Natasha.
Natasha looks even sicker.
Natasha is lightly wounded.
The cerulean imp hits you from afar with a +0 spear.
You take 4 damage, and have 12/17 hp.
MASSIVE DAMAGE!!
You now have 1/5 mp.
You barely miss Natasha. You grab Natasha.
Natasha is lightly wounded.
You constrict Natasha, but do no damage.
The cerulean imp barely misses you. Natasha claws you.
The cerulean imp hits you from afar with a +0 spear.
* * * LOW HITPOINT WARNING * * *
The cerulean imp closely misses you. Natasha barely misses you.
You take 7 damage, and have 5/17 hp.
MASSIVE DAMAGE!!
Casting: Sting (safe; 6% risk of failure)
Confirm with . or Enter, or press ? or * to list all spells.
Aiming: Sting (safe; 6% risk of failure)
Press: ? - help, Shift-Dir - straight line, f/p - Natasha
Aim: Natasha (lightly wounded, constricted by you, very poisoned, 94% to hit)
The sting hits Natasha but does no damage.
Natasha looks even sicker.
Natasha is lightly wounded.
You constrict Natasha, but do no damage.
The cerulean imp misses you.
The cerulean imp hits you from afar with a +0 spear.
* * * LOW HITPOINT WARNING * * *
Natasha claws you!
You die...

######## #
#......#
#########......###
'.†.....'......'@#
#########......#h#
# #......#55. #
##..>..#.5...
#.###.#......# #..
.........#
#######......#
.....?.#


You could see Natasha (very poisoned) and 3 cerulean imps.

Vanquished Creatures
  2 ball pythons (D:2)
  A bat (D:2)
  A giant cockroach (D:2)
  A hobgoblin (D:1)
  6 jackals
  2 goblins (D:2)
  A rat (D:1)
14 creatures vanquished.

Notes
Turn   | Place    | Note
-------+----------+-------------------------------------------
     0 | D:1      | Psyclone the Octopode Venom Mage began the quest for the
                  | Orb.
     0 | D:1      | Reached XP level 1. HP: 11/11 MP: 3/3
    80 | D:1      | Reached skill level 4 in Poison Magic
   147 | D:1      | Reached XP level 2. HP: 17/17 MP: 1/5
   186 | D:2      | Learned a level 2 spell: Poisonous Vapours
   243 | D:2      | Found Naoclo's General Store.
   420 | D:2      | Noticed Natasha
   428 | D:2      | Slain by Natasha

Illustrated notes

Levels and vault maps discovered:
D:1:      dpeg_arrival_tiny_k, layout_loops_ring, minmay_hexomino_c4
D:2:      layout_basic, serial_shops, shop, minmay_joined_circles, uniq_natasha,
          uniq_terence

Skill      XL: |  1 |
---------------+----+-----
Poison Magic   | 4 |  4.7
Dodging        | |  2.0
Stealth        | |  2.6
Spellcasting   | |  2.0
Transmutations | |  1.0

Action                     || total
---------------------------++-------
  Melee: Mace              ||    28
         Constrict         ||     9
         Tentacles         ||     8
         Unarmed           ||     2
   Cast: Sting             ||    11
   Stab: Sleeping          ||     3
 Armour: Skin              ||     3
  Dodge: Dodged            ||    32
